[Event "*** Titled Tuesday Blitz"]
[Site "Chess.com"]
[Date "2019.05.07"]
[Round "7"]
[White "riconaipe"]
[Black "PowerThinking2650"]
[Result "1/2-1/2"]
[WhiteElo "2431"]
[BlackElo "2387"]
[TimeControl "180+2"]
[EndTime "14:39:24 PDT"]
[Termination "Game drawn by agreement"]

1. d4 Nf6 2. Nf3 g6 3. e3 Bg7 4. Be2 O-O 5. O-O d6 6. c4 Nbd7 7. Nc3 e5 8. Qc2 Re8 9. Rd1 e4 10. Nd2 Qe7 11. b4 Nf8 12. Bb2 Bf5 13. d5 h5 14. Nf1 h4 15. Nb5 h3 16. g3 Bg4 17.
Rac1 Bxe2 18. Qxe2 a6 19. Nd4 N8h7 20. c5 Nxd5 21.
Nf5 gxf5 22. Rxd5 Be5 23. Qh5 Qg5 24. Qe2 c6 25. Rxd6 Bxd6 26. cxd6 Rad8 27. Rd1 Rd7 28. Qc4 Re6 29. Qc3 Nf6 30. Nd2 Qg4 31. Rf1 Rdxd6 32. f3 exf3 33. Nxf3 Qe4 34. Nh4 Qxe3+ 35. Qxe3 Rxe3 36.
Nxf5 Re2 37. Nxd6 Ng4 38. Bd4 Rg2+ 39. Kh1 Rxh2+ 40. Kg1 Rd2 41. Nf5 Rg2+ 42. Kh1 Rh2+ 43. Kg1 Rg2+ 1/2-1/2

[Event "*** Titled Tuesday Blitz"]
[Site "Chess.com"]
[Date "2019.05.07"]
[Round "7"]
[White "rasmussvane"]
[Black "Sebastian"]
[Result "0-1"]
[WhiteElo "2802"]
[BlackElo "2923"]
[TimeControl "180+2"]
[EndTime "14:39:29 PDT"]
[Termination "Sebastian won by checkmate"]

1. Nf3 c5 2. c4 Nc6 3. Nc3 g6 4. e3 Bg7 5. d4 d6 6. Be2 Bg4 7. h3 Bxf3 8. Bxf3 cxd4 9. exd4 Nf6 10. O-O O-O 11. Be3 Rc8 12. Rc1 a6 13. Re1 Re8 14. b3 h5 15. Nd5 e6 16. Nxf6+ Qxf6 17. Bxc6 bxc6 18. Qd2 Qf5 19. Red1 a5 20. c5 d5 21. Qxa5 e5 22. dxe5 Bxe5 23. Qd2 Bc7 24. Qd3 Qe5 25. g3 Qe6 26. h4 Qg4 27. Bg5 Re2 28.
a4 Rce8 29. b4 Qxb4 30. Rb1 Qxa4 31. Rb7 Bxg3 32. fxg3 Qg4 33. Rdb1 Qh3 34. Qf3 Re1+ 35. Rxe1 Rxe1+ 36. Kf2 Qf1# 0-1

[Event "*** Titled Tuesday Blitz"]
[Site "Chess.com"]
[Date "2019.05.07"]
[Round "7"]
[White "MikaelyanArman"]
[Black "HouseOfDurin"]
[Result "1-0"]
[WhiteElo "2686"]
[BlackElo "1982"]
[TimeControl "180+2"]
[EndTime "14:39:31 PDT"]
[Termination "MikaelyanArman won on time"]

1. e4 c5 2. Nc3 Nc6 3. Bb5 g6 4. Bxc6 bxc6 5. f4 Bg7 6. Nf3 d6 7. O-O e6 8. d3 Ne7 9. Qe1 Qa5 10. Qh4 Rb8 11. f5 gxf5 12. Bh6 Bxh6 13. Qxh6 Rxb2 14. Qf6 Rg8 15. Ng5 Rxg5 16. Qxg5 Qxc3 17. exf5 Qxc2 18.
Rae1 Rxa2 19. h4 h6 20. Qg7 Qxd3 21. Qh8+ Kd7 22. fxe6+ fxe6 23. Qxh6 Qd4+ 24. Kh1 Ba6 25. Rf7 Ra1 26. Qxe6+ 1-0

[Event "*** Titled Tuesday Blitz"]
[Site "Chess.com"]
[Date "2019.05.07"]
[Round "7"]
[White "SwamiChaturanga"]
[Black "sergeikim"]
[Result "0-1"]
[WhiteElo "2033"]
[BlackElo "2456"]
[TimeControl "180+2"]
[EndTime "14:39:31 PDT"]
[Termination "sergeikim won on time"]

1. Nf3 Nf6 2. b3 g6 3. Bb2 Bg7 4. g3 d6 5. Bg2 O-O 6. O-O e5 7. c4 Re8 8. e3 c6 9. Qe2 e4 10. Nd4 c5 11. Nb5 Nc6 12. d3 a6 13. N5c3 exd3 14.
Qxd3 Bf5 15. Qd2 Qd7 16. Rd1 Rad8 17. Nd5 Nxd5 18. Bxg7 Kxg7 19. Qxd5 Nb4 20. Qd2 Nc2 21. e4 Nxa1 22. Qc3+ Kg8 23. exf5 Qxf5 24. Qxa1 Re2 25. Rf1 b5 26. Nc3 Rd2 27. Nd5 Qe5 28. Qc1 Rxa2 29. Re1 Qb2 30. Qf4 Ra1 31. Rxa1 Qxa1+ 32. Bf1 Qe5 33. Qh4 Rb8 0-1

[Event "*** Titled Tuesday Blitz"]
[Site "Chess.com"]
[Date "2019.05.07"]
[Round "7"]
[White "kacprekt"]
[Black "Vice64"]
[Result "0-1"]
[WhiteElo "2310"]
[BlackElo "2539"]
[TimeControl "180+2"]
[EndTime "14:39:34 PDT"]
[Termination "Vice64 won by resignation"]

1. d4 Nf6 2. Nf3 e6 3. g3 b6 4. Bg2 Bb7 5. O-O Be7 6. c4 O-O 7. Nc3 Ne4 8. Re1 Qc8 9. Qc2 Nxc3 10. Qxc3 Be4 11. Nd2 Bxg2 12. Kxg2 c5 13. d5 exd5 14. cxd5 Bf6 15. Qf3 d6 16. Ne4 Be7 17. h4 Nd7 18. Bg5 Ne5 19. Qe3 Qb7 20. Bxe7 Qxe7 21. Ng5 Rae8 22.
Qc3 h6 23. Nh3 Qb7 24. e4 f5 25. f3 fxe4 26. fxe4 c4 27. Rf1 b5 28. Rxf8+ Rxf8 29. Nf4 Qb6 30. Rf1 b4 31. Qd2 Ng4 32. Kh3 Ne5 33.
Rf2 a5 34. g4 c3 35. bxc3 bxc3 36. Qe2 Qd4 37. Kg3 g5 38. hxg5 hxg5 39. Ne6 Qxf2+ 40.
Qxf2 Rxf2 41. Kxf2 c2 0-1

[Event "*** Titled Tuesday Blitz"]
[Site "Chess.com"]
[Date "2019.05.07"]
[Round "7"]
[White "The_Chess_Coach"]
[Black "Caisachess"]
[Result "1-0"]
[WhiteElo "2190"]
[BlackElo "2328"]
[TimeControl "180+2"]
[EndTime "14:39:36 PDT"]
[Termination "The_Chess_Coach won by resignation"]

1. d4 Nf6 2. c4 e6 3. Nc3 d5 4. cxd5 exd5 5. Bg5 Be7 6. e3 O-O 7. Qc2 c6 8. Bd3 Nbd7 9. Nf3 Re8 10. O-O Ne4 11.
Bxe7 Qxe7 12. b4 a5 13. b5 Ndf6 14. Ne5 c5 15. Nxd5 Nxd5 16. Bxe4 Nf6 17. Bf3 cxd4 18. exd4 Qb4 19. Qc7 Be6 20. Bxb7 Rab8 21. Nc6 Rxb7 22. Qxb7 Qc4 23. Rfc1 Qe2 24. Re1 Qg4 25. Ne7+ Kf8 26. d5 Rxe7 27. Qb8+ Bc8 28. Rxe7 Kxe7 29. Re1+ Kd8 30.
Qb6+ Kd7 31. Qc6+ Kd8 32. d6 Qd7 33. Qb6+ 1-0

[Event "*** Titled Tuesday Blitz"]
[Site "Chess.com"]
[Date "2019.05.07"]
[Round "7"]
[White "Siemba"]
[Black "TristanCalistri"]
[Result "0-1"]
[WhiteElo "2078"]
[BlackElo "2187"]
[TimeControl "180+2"]
[EndTime "14:39:41 PDT"]
[Termination "TristanCalistri won on time"]

1. e4 e6 2. Qe2 d5 3. exd5 Qxd5 4.
Nc3 Qd8 5. g3 Nf6 6. Bg2 Be7 7.
Nf3 c5 8. O-O Nc6 9. Rd1 O-O 10.
Ne4 Nxe4 11. Qxe4 Bd7 12. c3 Qc7 13. d4 cxd4 14. cxd4 Nb4 15. Bg5 Bc6 16. Qh4 Bxg5 17. Nxg5 h6 18. Be4 Bxe4 19. Nxe4 Rac8 20. Rac1 Qxc1 21.
Rxc1 Rxc1+ 22. Kg2 Nd5 23. Qh5 Rc2 24. Qf3 Rxb2 25. Nc5 b6 26. Nd7 Re8 27. Ne5 f6 28. Nc4 Rxa2 29. Nd6 Re7 30. Nf5 Rd7 31. Ne3 Ne7 32.
Qa8+ Kf7 0-1

[Event "*** Titled Tuesday Blitz"]
[Site "Chess.com"]
[Date "2019.05.07"]
[Round "7"]
[White "NemtsevIgor"]
[Black "quesfr"]
[Result "1-0"]
[WhiteElo "2260"]
[BlackElo "2168"]
[TimeControl "180+2"]
[EndTime "14:39:48 PDT"]
[Termination "NemtsevIgor won by resignation"]

1. d4 d5 2. e4 e6 3. Be3 dxe4 4. f3 exf3 5. Nxf3 c5 6. c3 cxd4 7. cxd4 Nf6 8. Bd3 Bb4+ 9. Nc3 Nd5 10. Bd2 Nc6 11. O-O Nxc3 12. bxc3 Be7 13. Qe2 O-O 14. Qe4 f5 15. Qe2 Bf6 16. Bc4 Kh8 17. Rfe1 Re8 18.
Rab1 Na5 19. Bd3 Bd7 20. c4 Rc8 21. Ne5 Kg8 22. Qh5 Bxe5 23. Rxe5 Nc6 24. Re3 Nxd4 25. Rh3 Qf6 26. Qxh7+ Kf7 27. Rxb7 Re7 28. Qh5+ Qg6 29. Qd1 Bc6 30. Rxe7+ Kxe7 31. Bb4+ Kf7 32. Bf1 Be4 33. Qxd4 Qg4 34. Rg3 Qf4 35. Rxg7+ 1-0

[Event "*** Titled Tuesday Blitz"]
[Site "Chess.com"]
[Date "2019.05.07"]
[Round "7"]
[White "Indianlad"]
[Black "IIIlllII1llIl"]
[Result "1-0"]
[WhiteElo "2895"]
[BlackElo "2726"]
[TimeControl "180+2"]
[EndTime "14:39:57 PDT"]
[Termination "Indianlad won by resignation"]

1. Nf3 g6 2. e4 Bg7 3. d4 d6 4. Bc4 Nf6 5. Qe2 O-O 6. e5 dxe5 7. dxe5 Nd5 8. O-O Bg4 9. Rd1 c6 10. Nbd2 Nd7 11. h3 Be6 12. Nb3 Qc7 13. Re1 b5 14. Bd3 a5 15. Nbd4 Nc5 16. c4 Nxd3 17. Nxe6 Nxc1 18. Raxc1 fxe6 19. cxd5 exd5 20. Nd4 Qb6 21.
Nxc6 e6 22. Qd2 Rf7 23. Rc2 Raf8 24. Re2 Rf4 25. Qxa5 Qxa5 26. Nxa5 Ra4 27. Nc6 Rxa2 28. Nd4 Ra1+ 29. Kh2 Re8 30. Nxb5 Rd1 31. f4 g5 32. g3 Rf8 33. Nd6 gxf4 34. gxf4 Rxf4 35. Rg2 h5 36.
Rc8+ Kh7 37. Rc7 h4 1-0

[Event "*** Titled Tuesday Blitz"]
[Site "Chess.com"]
[Date "2019.05.07"]
[Round "7"]
[White "LastHeroJr"]
[Black "bugsbunny444"]
[Result "1-0"]
[WhiteElo "2504"]
[BlackElo "2553"]
[TimeControl "180+2"]
[EndTime "14:39:57 PDT"]
[Termination "LastHeroJr won on time"]

1. e4 e6 2. d4 d5 3. Nd2 Nf6 4. e5 Nfd7 5. Bd3 c5 6. c3 Nc6 7.
Ne2 cxd4 8. cxd4 f6 9. exf6 Nxf6 10. O-O Bd6 11. Nf3 O-O 12. Bf4 Bxf4 13. Nxf4 Qd6 14.
Ne2 g6 15. Re1 Bd7 16. Ng3 Qb4 17. a3 Qxb2 18. Rb1 Qxa3 19. Rxb7 Rab8 20. Rxb8 Rxb8 21.
h4 Rb3 22. Bc2 Rxf3 23. gxf3 Qc3 24. Ba4 Nxd4 25. Re3 Bxa4 26. Qxa4 Nxf3+ 27. Kg2 Ne1+ 28. Kf1 Nd3 29. Qd1 Nb2 30. Qf3 Qd4 31. Rxe6 Kg7 32.
Re7+ 1-0

[Event "*** Titled Tuesday Blitz"]
[Site "Chess.com"]
[Date "2019.05.07"]
[Round "7"]
[White "checkmatequen"]
[Black "VFernandezB"]
[Result "1-0"]
[WhiteElo "2222"]
[BlackElo "2341"]
[TimeControl "180+2"]
[EndTime "14:40:02 PDT"]
[Termination "checkmatequen won by resignation"]

1. e4 c5 2. Nf3 d6 3. d4 cxd4 4. Nxd4 Nf6 5. Nc3 a6 6. Bg5 Nbd7 7. Bc4 e6 8. Qe2 Nc5 9. O-O-O b5 10. Bb3 Qc7 11. Kb1 Be7 12. f4 Bb7 13. e5 Nxb3 14.
axb3 dxe5 15. fxe5 Nd5 16. Nxd5 Bxd5 17. Bxe7 Qxe7 18.
c4 bxc4 19. bxc4 Bb7 20. Rc1 Rc8 21. c5 Rxc5 22. Qd3 O-O 23. Rhe1 Rfc8 24. Nf3 Rxc1+ 25. Rxc1 Rxc1+ 26. Kxc1 h6 27. Qc4 Bxf3 28. gxf3 Qg5+ 29. Kb1 Qxe5 30. Qxa6 Qf5+ 31. Ka2 Qxf3 32. b4 Qg2+ 33. Ka3 Qxh2 34. b5 Qg3+ 35. Ka2 Qf2+ 36. Kb3 Qe3+ 37.
Ka2 Qd2+ 38. Kb3 Qd5+ 39. Kb4 Qd4+ 40. Kb3 Qe3+ 41. Kb4 Qf4+ 42. Kb3 Kh7 43. b6 e5 44.
b7 e4 45. Qb5 Qg3+ 46. Ka4 Qb8 47. Qf5+ g6 48. Qxf7+ Kh8 49. Qd7 Qa7+ 50. Kb5 Qa2 51. b8=Q+ 1-0

[Event "*** Titled Tuesday Blitz"]
[Site "Chess.com"]
[Date "2019.05.07"]
[Round "7"]
[White "Veiso"]
[Black "elefante33"]
[Result "0-1"]
[WhiteElo "2381"]
[BlackElo "2561"]
[TimeControl "180+2"]
[EndTime "14:40:06 PDT"]
[Termination "elefante33 won by resignation"]

1. d4 Nf6 2. Nf3 b6 3. c4 e6 4. g3 Bb7 5. Bg2 Be7 6. O-O O-O 7. Re1 Ne4 8. Nfd2 d5 9. Nxe4 dxe4 10. Nc3 f5 11. f3 Bf6 12. Be3 Nc6 13. d5 Na5 14.
Qa4 Bxc3 15. bxc3 exd5 16. cxd5 Qxd5 17. Red1 Qf7 18. fxe4 Bc6 19. Qc2 Rae8 20. Rf1 Qe6 21. Bd4 Bxe4 22. Bxe4 Qxe4 23. Qxe4 Rxe4 24. Rae1 c5 25. Bf2 Rd8 26. Rd1 Rxd1 27. Rxd1 Rxe2 28. Rd8+ Kf7 29. Rd7+ Re7 30. Rd5 Ke6 31. Rd8 Rd7 32.
Re8+ Kd5 33. Rh8 g6 34. h4 Kc4 35. Be1 Nc6 36. Rc8 Ne5 37. Kg2 Nd3 38. Bd2 Ne5 39. Be1 Rd1 40. Bf2 Nd3 41. Rc7 Rd2 0-1

[Event "*** Titled Tuesday Blitz"]
[Site "Chess.com"]
[Date "2019.05.07"]
[Round "7"]
[White "LonesomeGeorge1"]
[Black "NateSolon"]
[Result "1/2-1/2"]
[WhiteElo "2376"]
[BlackElo "2496"]
[TimeControl "180+2"]
[EndTime "14:40:06 PDT"]
[Termination "Game drawn by agreement"]

1. c4 Nf6 2. g3 e6 3. Bg2 d5 4.
Nf3 Be7 5. O-O O-O 6. b3 b6 7. e3 c5 8. Bb2 Nc6 9. cxd5 Nxd5 10. d4 cxd4 11. Nxd4 Nxd4 12. Bxd4 Bb7 13. Nd2 Rc8 14. Rc1 Qd7 15. Nc4 f6 16. Qd2 Rfd8 17. Rfd1 Nb4 18.
f4 Bxg2 19. Qxg2 Qd5 20. Qxd5 exd5 21. Na3 Nxa2 22. Ra1 Nb4 23. Nb5 a6 24. Nc3 Nc2 25.
Rac1 Nxd4 26. Rxd4 Bc5 27. Rd3 d4 28. Rcd1 Kf7 29.
Ne4 Re8 30. Nxc5 bxc5 31. exd4 cxd4 32. Rxd4 Re2 33. R1d2 Rc2 34. Rxe2 Rxe2 35. Ra4 Rb2 36. Rxa6 Rxb3 37. Kg2 1/2-1/2

[Event "*** Titled Tuesday Blitz"]
[Site "Chess.com"]
[Date "2019.05.07"]
[Round "7"]
[White "pedroholly22"]
[Black "Vusatiuk_Vladimir"]
[Result "1/2-1/2"]
[WhiteElo "2289"]
[BlackElo "2204"]
[TimeControl "180+2"]
[EndTime "14:40:11 PDT"]
[Termination "Game drawn by agreement"]

1. e4 c5 2. Nf3 Nc6 3. d4 cxd4 4.
Nxd4 e5 5. Nb5 d6 6. N1c3 a6 7. Na3 b5 8. Nd5 Nf6 9. Bg5 Be7 10. Bxf6 Bxf6 11. c3 Bg5 12. g3 O-O 13. Bg2 Ne7 14. O-O Be6 15. Nc2 Bxd5 16. exd5 f5 17. a4 bxa4 18.
Nb4 a5 19. Nc6 Qb6 20. Ra2 e4 21. Nxe7+ Bxe7 22. Qxa4 Qc5 23. b4 Qxd5 24. bxa5 Bf6 25. Rd1 Qc5 26. a6 Kh8 27. Qb3 Rfb8 28. Qe6 Qe5 29. Qxd6 Rd8 1/2-1/2

[Event "*** Titled Tuesday Blitz"]
[Site "Chess.com"]
[Date "2019.05.07"]
[Round "7"]
[White "mikhaillushenkov"]
[Black "Ind1anStar"]
[Result "1-0"]
[WhiteElo "2753"]
[BlackElo "2470"]
[TimeControl "180+2"]
[EndTime "14:40:12 PDT"]
[Termination "mikhaillushenkov won by resignation"]

1. Nf3 Nf6 2. c4 e6 3. g3 d5 4. Bg2 Be7 5. O-O O-O 6. b3 a5 7. Nc3 d4 8. Nb5 Nc6 9. e3 e5 10. exd4 e4 11. Ng5 Nxd4 12. Nxe4 Nxb5 13. cxb5 Nxe4 14.
Bxe4 Qd4 15. Qc2 Qxa1 16. Bb2 Qxf1+ 17. Kxf1 Bh3+ 18. Bg2 Bxg2+ 19. Kxg2 Bd6 20. Qc3 f6 21. Qc4+ Rf7 22. Qd5 Rb8 23. b6 Re8 24. Kf3 Rd8 25. Qxb7 cxb6 26. Qxb6 Rfd7 27. Qxa5 Bc7 28. Qc5 Rd3+ 29.
Kg2 Bb8 30. Bc3 h6 31. a4 R8d7 32. a5 Ba7 33. Qc4+ Kh7 34. b4 R3d5 35. b5 Rc5 36. Qb3 Rb7 37. b6 Bb8 38. a6 Re7 39. Bb4 1-0

[Event "*** Titled Tuesday Blitz"]
[Site "Chess.com"]
[Date "2019.05.07"]
[Round "7"]
[White "DrBergerBerger"]
[Black "c63_amg"]
[Result "0-1"]
[WhiteElo "2426"]
[BlackElo "2657"]
[TimeControl "180+2"]
[EndTime "14:40:13 PDT"]
[Termination "c63_amg won by resignation"]

1. e4 c5 2. Nc3 d6 3. f4 g6 4.
Nf3 Bg7 5. Bb5+ Bd7 6. Bc4 e6 7.
O-O Ne7 8. d3 Nbc6 9. f5 gxf5 10. Ng5 h6 11. Nxf7 Kxf7 12. exf5 Bd4+ 13. Kh1 Kg8 14. fxe6 Be8 15. Bd2 Rh7 16. Qf3 Bg6 17. Rae1 Ne5 18. Qg3 Kh8 19. Bb3 Qg8 20. Nd5 Nf5 21.
Qh3 c4 22. dxc4 Rf8 23. c3 Bc5 24. e7 Nxe7 25. Nxe7 Rxf1+ 26. Rxf1 Rxe7 27. Bxh6 Rh7 28. Qh4 Nd7 29. Qf4 Rf7 30. Qc1 Be4 0-1

[Event "*** Titled Tuesday Blitz"]
[Site "Chess.com"]
[Date "2019.05.07"]
[Round "7"]
[White "kinga2008"]
[Black "H3nriqueTV"]
[Result "0-1"]
[WhiteElo "1927"]
[BlackElo "2006"]
[TimeControl "180+2"]
[EndTime "14:40:14 PDT"]
[Termination "H3nriqueTV won on time"]

1. e4 c5 2. Nf3 d6 3. d4 cxd4 4. Nxd4 Nf6 5. Nc3 Nc6 6. f3 e5 7. Ndb5 a6 8. Na3 b5 9. Nd5 Nxd5 10. exd5 Nd4 11. c3 Nf5 12. Nc2 Qh4+ 13. Kd2 Be7 14.
Bd3 Bg5+ 15. Ke2 O-O 16. g3 Qh6 17. Kf2 Re8 18. h4 Bxc1 19. Rxc1 Qf6 20. Qd2 e4 21. Bxe4 Bb7 22. g4 Ne7 23. f4 Ng6 24. Bxg6 hxg6 25. Rce1 Rxe1 26. Kxe1 Re8+ 27. Kf2 Re4 28. Kg3 Bxd5 29.
Qxd5 Qxf4+ 30. Kg2 Re2+ 31. Kh3 Rxc2 0-1

[Event "*** Titled Tuesday Blitz"]
[Site "Chess.com"]
[Date "2019.05.07"]
[Round "7"]
[White "hansen"]
[Black "GelmanAlexander"]
[Result "1-0"]
[WhiteElo "2774"]
[BlackElo "2588"]
[TimeControl "180+2"]
[EndTime "14:40:16 PDT"]
[Termination "hansen won by resignation"]

1. e4 c5 2. Nf3 e6 3. d4 cxd4 4. Nxd4 d6 5. c4 Nf6 6. Nc3 b6 7. f3 Bb7 8. Be3 a6 9. Qd2 Nbd7 10. Be2 Be7 11. O-O O-O 12. Rac1 Rc8 13. Rfd1 Re8 14. a3 Ne5 15. Na4 h5 16. b4 h4 17. h3 Nfd7 18. Nb3 Qc7 19. Nb2 Red8 20. a4 Rb8 21. Bf1 a5 22. bxa5 bxa5 23. Nd4 Nc5 24. Nb5 Qc8 25. Qf2 Ba8 26. Rc3 Nc6 27. Bf4 Ne5 28. Rc2 g5 29. Be3 Qa6 30. Kh1 Rbc8 31. Qd2 Rb8 32. Bxg5 Bxe4 33. Bxe7 Bxc2 34. Qxc2 Rd7 35. Bf6 Ng6 36. Nd3 Nxd3 37. Bxd3 Ne5 38. Qd2 Kf8 39. Qh6+ 1-0

[Event "*** Titled Tuesday Blitz"]
[Site "Chess.com"]
[Date "2019.05.07"]
[Round "7"]
[White "TregubovP"]
[Black "2165149677570"]
[Result "1-0"]
[WhiteElo "2539"]
[BlackElo "2329"]
[TimeControl "180+2"]
[EndTime "14:40:17 PDT"]
[Termination "TregubovP won by resignation"]

1. d4 Nf6 2. c4 e6 3. Nc3 Bb4 4. e3 b6 5. Ne2 c5 6. a3 Ba5 7. Rb1 Na6 8. Bd2 O-O 9. g3 Bb7 10.
d5 b5 11. Bg2 bxc4 12. e4 exd5 13. exd5 d6 14. O-O Nc7 15. Bg5 h6 16. Bxf6 Qxf6 17.
Qa4 Bb6 18. Rfe1 Rfe8 19. Ne4 Qg6 20. N2c3 f5 21. Nd2 f4 22. Nxc4 fxg3 23. hxg3 Rf8 24.
Rbd1 Rf7 25. Rd2 Raf8 26. Qc2 Qg4 27. Nxd6 Ba6 28. Nxf7 Rxf7 29. d6 c4 30. dxc7 Qxg3 31. Re8+ Rf8 32. Rxf8+ Kxf8 33. Qf5+ 1-0

[Event "*** Titled Tuesday Blitz"]
[Site "Chess.com"]
[Date "2019.05.07"]
[Round "7"]
[White "fidezivkovic"]
[Black "GameOverBro"]
[Result "0-1"]
[WhiteElo "2278"]
[BlackElo "2428"]
[TimeControl "180+2"]
[EndTime "14:40:21 PDT"]
[Termination "GameOverBro won on time"]

1. e4 d6 2. d4 Nf6 3. Nc3 e5 4. Nf3 Nbd7 5. Bc4 Be7 6. g4 exd4 7. Nxd4 Ne5 8. Be2 Bxg4 9. Rg1 Bxe2 10. Qxe2 g6 11.
f4 Nc6 12. Nxc6 bxc6 13. Be3 Qd7 14. O-O-O Qe6 15. f5 Qe5 16. Bd4 Qf4+ 17. Kb1 O-O 18. Rdf1 Qh4 19. Qf3 c5 20. Bf2 Qh5 21. Qg2 Rae8 22.
Be3 Bd8 23. Bg5 c6 24. Rf3 Nxe4 25. Nxe4 Rxe4 26. Bxd8 Rxd8 27. fxg6 hxg6 28. Rh3 Qe5 29. a3 Re1+ 30. Rxe1 Qxe1+ 31. Ka2 Qe6+ 32. b3 Qf5 33. Rf3 Qe4 34. Qf2 Rd7 35. h4 Kg7 36. Rf4 Qe6 37.
Qf3 d5 38. h5 c4 39. Rf6 Qe4 0-1

[Event "*** Titled Tuesday Blitz"]
[Site "Chess.com"]
[Date "2019.05.07"]
[Round "7"]
[White "Heineccius"]
[Black "Gubajdullin"]
[Result "0-1"]
[WhiteElo "2490"]
[BlackElo "2549"]
[TimeControl "180+2"]
[EndTime "14:40:22 PDT"]
[Termination "Gubajdullin won by resignation"]

1. d4 d5 2. c4 c6 3. Nf3 Nf6 4.
Nc3 a6 5. c5 Nbd7 6. Bf4 Nh5 7.
e3 g6 8. Be2 Bg7 9. O-O Nxf4 10.
exf4 b6 11. cxb6 Qxb6 12. Na4 Qb4 13. Ne5 c5 14. a3 Qxd4 15. Qxd4 cxd4 16. Nc6 g5 17. f5 e5 18. fxe6 fxe6 19. Bg4 e5 20. Rad1 h5 21. Be6 Rh6 22. Bxd5 Bb7 23. Nb4 Bxd5 24.
Nxd5 Rc8 25. Rc1 Rhc6 26. Rxc6 Rxc6 27. Nb4 Rc4 28. b3 Rc8 29. Nb2 e4 30. Nc4 Bf8 31.
Nd5 Rc5 32. Nb4 a5 33. Nc2 a4 34. Nxd4 axb3 35. Ne3 b2 36. Ndc2 Ne5 37. Rb1 Nd3 38.
Kf1 g4 39. Ke2 Bh6 40. f3 gxf3+ 41. gxf3 Bxe3 42. Kd1 exf3 0-1

[Event "*** Titled Tuesday Blitz"]
[Site "Chess.com"]
[Date "2019.05.07"]
[Round "7"]
[White "Sutormin_DA"]
[Black "MatthewG-p4p"]
[Result "1-0"]
[WhiteElo "2542"]
[BlackElo "2680"]
[TimeControl "180+2"]
[EndTime "14:40:25 PDT"]
[Termination "Sutormin_DA won by checkmate"]

1. e4 e6 2. d4 d5 3. Nc3 Bb4 4.
exd5 exd5 5. Bd3 Nf6 6. Ne2 O-O 7. O-O c6 8. Bg5 h6 9. Bh4 Nbd7 10. Bg3 Re8 11. Nf4 Ne4 12. Nxe4 dxe4 13. Bc4 Nf6 14. c3 Bf8 15. Re1 Bf5 16. a4 Qd7 17. a5 Rad8 18. Qb3 Bd6 19. Rad1 Bg4 20. Rd2 Qc7 21. Ne2 e3 22. fxe3 Rxe3 23. Bxd6 Rxd6 24. Rf1 Ne4 25. Rxf7 Qxa5 26. Rf3+ Kh8 27. Rf8+ Kh7 28. Bg8+ Kg6 29. Qf7+ Kg5 30. Qf4+ Kh5 31. Qxe3 Nxd2 32. Nf4+ Kh4 33. g3+ Kg5 34. Nd5+ Kg6 35. Nf4+ Kg5 36. h4# 1-0

[Event "*** Titled Tuesday Blitz"]
[Site "Chess.com"]
[Date "2019.05.07"]
[Round "7"]
[White "eldur16"]
[Black "Yaacovn"]
[Result "1-0"]
[WhiteElo "2574"]
[BlackElo "2782"]
[TimeControl "180+2"]
[EndTime "14:40:26 PDT"]
[Termination "eldur16 won by resignation"]

1. e4 c6 2. d4 d5 3. e5 Bf5 4. Nd2 e6 5. Nb3 Ne7 6. Nf3 Bg6 7. Be2 Nf5 8. a4 a6 9. O-O Nd7 10. a5 Nh4 11. Nxh4 Qxh4 12. Be3 Rc8 13. c4 dxc4 14. Nd2 Bd3 15. Nxc4 Bxc4 16. Bxc4 Nxe5 17. Bxe6 fxe6 18. dxe5 Qc4 19. Ra4 Qb5 20. Qg4 Qb3 21.
Rc4 Kf7 22. Bb6 Be7 23. Rc3 Qd5 24. Rd1 Qxe5 25. Bd4 h5 26. Qf3+ Qf5 27. Qe2 Kg8 28.
Rf3 Qg4 29. Bxg7 Rh7 30. Be5 Bg5 31. h3 Qa4 32. Rg3 Rg7 33. Bxg7 1-0

[Event "*** Titled Tuesday Blitz"]
[Site "Chess.com"]
[Date "2019.05.07"]
[Round "7"]
[White "Al_Shima"]
[Black "WeAintSurePal"]
[Result "1-0"]
[WhiteElo "2416"]
[BlackElo "2234"]
[TimeControl "180+2"]
[EndTime "14:40:26 PDT"]
[Termination "Al_Shima won by resignation"]

1. b3 d5 2. Bb2 Nf6 3. g3 c6 4.
Bg2 g6 5. Bxf6 exf6 6. c4 Bg7 7. cxd5 cxd5 8. d4 O-O 9. e3 Nc6 10. Nc3 Be6 11. Nge2 Rc8 12. O-O a6 13. Rc1 Ne7 14.
Qd2 Qd6 15. Qb2 Rc7 16. Na4 Rfc8 17. Nc5 Bg4 18. Nf4 Bf5 19. b4 Bh6 20. Ne2 Bg4 21.
Nc3 Bf8 22. Qb3 Be6 23. b5 Qb6 24. a4 axb5 25. Nxb5 Rc6 26. Rb1 Nf5 27. Nd3 Qa5 28. Nf4 Rc4 29. Ra1 Rb4 30. Qd1 Ne7 31. Qe1 Bh6 32.
Nd3 Rxb5 33. axb5 Qxb5 34. Qd2 Nf5 35. Rfb1 Qe8 36. Qd1 b5 37. Nc5 Nd6 38. Rb4 Bf8 39.
Rab1 f5 40. R4b3 Nc4 41. Nd3 Rb8 42. Nf4 Qd7 43. Bf1 b4 44. Nd3 Na3 45. Rxa3 bxa3 46. Rxb8 a2 47. Ra8 Qb7 48. Rxa2 1-0

[Event "*** Titled Tuesday Blitz"]
[Site "Chess.com"]
[Date "2019.05.07"]
[Round "7"]
[White "Thjop"]
[Black "Micki-taryan"]
[Result "1/2-1/2"]
[WhiteElo "2568"]
[BlackElo "3015"]
[TimeControl "180+2"]
[EndTime "14:40:30 PDT"]
[Termination "Game drawn - insufficient material"]

1. e4 c5 2. Nf3 Nc6 3. Nc3 d6 4. d4 cxd4 5. Nxd4 Nf6 6. Bg5 e5 7. Bxf6 gxf6 8. Nf5 Be6 9. Nd5 a6 10. c3 h5 11. Be2 h4 12. O-O Bxf5 13. exf5 Bh6 14.
Qd3 Bg5 15. Rad1 Kf8 16. Ne3 Kg7 17. Qxd6 Bxe3 18. Qxd8 Bxf2+ 19. Kxf2 Raxd8 20. Bf3 Ne7 21. Bxb7 Rb8 22. Rd7 Nxf5 23. Ke2 Nh6 24. b4 f5 25.
Bxa6 Ng4 26. Rxf5 Nf6 27. Rc7 Nd5 28. Rcxf7+ Kg6 29. Bd3 e4 30. Bxe4 Nxc3+ 31. Kf3 Nxe4 32. Kxe4 Rxb4+ 33. Kf3 Ra8 34. R7f6+ Kg7 35. Rf7+ Kg6 36. R7f6+ Kg7 37. Rf4 Rb2 38. R6f5 Ra3+ 39. Kg4 Rxg2+ 40. Kxh4 Rxh2+ 41. Kg5 Ra7 42. Rf2 Rh6 43. Rf7+ Rxf7 44. Rxf7+ Kxf7 45. Kxh6 Ke7 46. a4 Kd6 47. a5 Kc5 48. a6 Kb6 49. a7 Kxa7 1/2-1/2

[Event "*** Titled Tuesday Blitz"]
[Site "Chess.com"]
[Date "2019.05.07"]
[Round "7"]
[White "el-reptiliano"]
[Black "Jenia84"]
[Result "1-0"]
[WhiteElo "2189"]
[BlackElo "2241"]
[TimeControl "180+2"]
[EndTime "14:40:30 PDT"]
[Termination "el-reptiliano won by resignation"]

1. Nf3 Nf6 2. c4 e6 3. e3 d5 4. b3 c6 5. Bb2 Nbd7 6. Nc3 Bd6 7.
Qc2 O-O 8. Rg1 Qe7 9. g4 e5 10. g5 Ne4 11. Nxe4 dxe4 12. Qxe4 Nc5 13. Qc2 e4 14. Qc3 Ne6 15. Bh3 exf3 16. O-O-O Ba3 17.
d4 Bxb2+ 18. Kxb2 a5 19. e4 a4 20. b4 a3+ 21. Kb3 b5 22. cxb5 Nxd4+ 23. Rxd4 Bxh3 24. bxc6 Be6+ 25. Kc2 Bxa2 26. b5 Qc7 27. g6 hxg6 28.
Rxg6 Qe5 29. Rg1 Rad8 30. Rb4 Qxc3+ 31. Kxc3 Be6 32. b6 a2 33. c7 Rc8 34. Kb2 Rfe8 35. Rc1 g6 36. b7 Rxc7 37. Rxc7 Kg7 38. b8=Q Rxb8 39. Rxb8 g5 1-0

[Event "*** Titled Tuesday Blitz"]
[Site "Chess.com"]
[Date "2019.05.07"]
[Round "7"]
[White "JeremDev"]
[Black "MFguimaraes"]
[Result "0-1"]
[WhiteElo "2469"]
[BlackElo "2324"]
[TimeControl "180+2"]
[EndTime "14:40:32 PDT"]
[Termination "MFguimaraes won by resignation"]

1. e4 e5 2. Nf3 Nc6 3. Bc4 Nf6 4. d3 h6 5. O-O d6 6. Re1 g5 7. d4 Bg4 8. c3 Bg7 9. d5 Ne7 10. Nbd2 Ng6 11. Nf1 O-O 12. h3 Bd7 13. Ng3 g4 14. hxg4 Bxg4 15. Be2 Nf4 16. Nd2 Bxe2 17.
Nxe2 N6h5 18. Nf1 f5 19. exf5 Rxf5 20. Neg3 Nxg3 21. Nxg3 Rf8 22. Qg4 Kh7 23. Nh5 Qg5 24. Qxg5 hxg5 25. Ng3 Nxd5 26. Bxg5 Bh6 27. Bxh6 Kxh6 28.
Rad1 Nf4 29. c4 b6 30. b4 Kg6 31. c5 Rad8 32. f3 Rh8 33. cxd6 cxd6 34. Ne4 d5 35. Nc3 Kf5 36. g3 Rdg8 37. g4+ Ke6 38. Ne2 Nh3+ 39. Kg2 Kd6 40. Ng3 Nf4+ 41. Kg1 Rh3 42. Nf5+ Kc7 43. Rxe5 Rxf3 44. Ne7 Rxg4+ 0-1